Map: Oxide LE

Players

JinairRogue (Rogue)

  • Race: Zerg Zerg
  • Spawn Location: 1:00

Zest - Winner!

  • Race: Protoss Protoss
  • Spawn Location: 7:00

VOD

https://youtu.be/r_eyag5NB2U

Description

Time

  • Played on: Oct. 20, 2020, 4:19 a.m.
  • Length: 14:53
Show
View Real Time Build Order
Export as new Build Order

JinairRogue Zerg 

Build Orders: Hatch First, Lurkers 

Get SALT Encoding   

  12  0:00  Drone  
  13  0:12  Overlord  
  13  0:17  Drone  
  14  0:30  Drone x2  
  16  0:47  Drone  
  17  0:50  Drone  
  18  0:57  Drone, Hatchery  
  18  1:04  Extractor  
  17  1:13  Spawning Pool  
  17  1:16  Drone  
  17  1:20  Drone  
  18  1:29  Drone  
  19  1:40  Drone  
  20  1:49  Hatchery  
  20  1:52  Drone  
  20  2:00  Zergling x2  
  21  2:09  Queen  
  21  2:15  Drone  
  24  2:16  Drone  
  24  2:20  Overlord  
  25  2:28  Queen  
  27  2:30  Drone  
  28  2:40  Zergling x2  
  28  2:41  Drone  
  28  2:42  Drone  
  28  2:44  Drone  
  32  2:47  Queen  
  34  2:53  Drone  
  34  2:54  Drone  
  35  3:00  Queen  
  35  3:02  Overlord  
  37  3:08  Drone x2  
  37  3:11  Drone  
  40  3:13  Metabolic Boost  
  40  3:15  Drone  
  40  3:18  Drone  
  42  3:21  Drone x2  
  42  3:26  Spore Crawler  
  43  3:28  Drone  
  43  3:30  Drone  
  43  3:32  Spore Crawler  
  44  3:34  Drone  
  44  3:38  Overlord  
  45  3:41  Overlord  
  45  3:45  Overlord  
  45  3:52  Spore Crawler  
  44  3:56  Overlord  
  44  4:00  Drone x6  
  49  4:04  Drone x2  
  49  4:07  Zergling x2  
  49  4:08  Zergling x4  
  54  4:11  Drone x2  
  54  4:14  Zergling x2  
  57  4:18  Drone x2  
  57  4:19  Drone  
  57  4:23  Zergling x2  
  60  4:27  Drone x3  
  61  4:31  Drone x2  
  61  4:34  Drone x2  
  61  4:38  Zergling x4  
  67  4:41  Extractor  
  67  4:42  Extractor, Lair  
  64  4:48  Roach Warren  
  63  4:55  Zergling x14  
  63  4:57  Overlord  
  63  4:59  Drone  
  69  5:07  Drone x5  
  69  5:11  Overlord, Extractor  
  69  5:12  Extractor  
  71  5:14  Overlord x2  
  71  5:18  Drone x2  
  71  5:20  Drone x3  
  76  5:24  Overlord  
  76  5:27  Drone  
  75  5:29  Drone  
  75  5:30  Extractor  
  75  5:33  Drone  
  75  5:42  Zergling x10  
  77  5:45  Spire  
  77  5:47  Zergling x6  
  78  5:54  Zergling x6  
  81  6:01  Evolution Chamber  
  80  6:04  Zergling x2  
  80  6:05  Drone x4  
  80  6:06  Hatchery  
  80  6:09  Drone x3  
  87  6:12  Drone  
  87  6:13  Drone x2  
  87  6:15  Drone x3  
  88  6:39  Overlord  
  88  6:46  Zerg Missile Weapons Level 1  
  88  6:49  Overlord  
  87  6:56  Mutalisk x4  
  87  6:57  Mutalisk x9  
  87  6:59  Drone x2  
  113  7:11  Hydralisk Den  
  113  7:12  Drone x8  
  117  7:17  Overlord x2  
  117  7:20  Extractor x2  
  117  7:21  Drone x2  
  116  7:23  Pneumatized Carapace  
  116  7:26  Queen  
  116  7:34  Overlord x3  
  116  7:40  Drone  
  117  7:46  Grooved Spines  
  117  7:48  Hatchery  
  117  7:49  Hydralisk x5  
  124  7:55  Hydralisk x3  
  122  8:02  Hydralisk  
  122  8:03  Hydralisk x3  
  122  8:05  Hydralisk  
  130  8:07  Hydralisk  
  130  8:12  Hydralisk x3  
  134  8:18  Hydralisk x2  
  134  8:19  Hydralisk  
  146  8:22  Hydralisk  
  146  8:23  Hydralisk  
  146  8:25  Hydralisk  
  146  8:27  Zergling x8  
  151  8:31  Hydralisk x2  
  158  8:37  Hydralisk x2  
  158  8:39  Overlord  
  162  8:44  Hydralisk x3  
  162  8:46  Hydralisk  
  170  8:49  Overlord x2  
  170  8:54  Zerg Missile Weapons Level 2  
  168  8:57  Hydralisk, Muscular Augments  
  168  8:58  Zergling x12  
  174  9:03  Hydralisk x2  
  174  9:08  Hydralisk x2  
  174  9:09  Zergling x2  
  185  9:10  Zergling x4  
  185  9:17  Zergling x10, Infestation Pit  
  185  9:22  Overlord  
  187  9:26  Hydralisk  
  187  9:29  Hydralisk x4  
  187  9:30  Hydralisk  
  178  9:33  Hydralisk  
  178  9:36  Hydralisk x2  
  154  9:38  Hydralisk  
  154  9:40  Hydralisk  
  133  9:49  Hydralisk x5  
  132  9:55  Hydralisk x2  
  132  9:56  Hydralisk  
  132  9:58  Hydralisk  
  132  9:59  Hydralisk  
  136  10:03  Hydralisk  
  136  10:04  Hydralisk  
  136  10:07  Hydralisk x2  
  136  10:11  Hydralisk  
  136  10:14  Hydralisk x2  
  136  10:16  Zergling x6  
  124  10:23  Hydralisk  
  124  10:24  Hydralisk x3  
  124  10:27  Hydralisk  
  113  10:31  Hydralisk  
  113  10:32  Hydralisk  
  102  10:36  Hydralisk  
  102  10:37  Hydralisk  
  102  10:40  Hydralisk  
  90  10:43  Zergling x4  
  90  10:45  Hydralisk  
  92  10:52  Hydralisk x2  
  92  10:54  Hydralisk  
  92  10:55  Zergling x2  
  93  10:58  Hydralisk  
  93  10:59  Hydralisk  
  97  11:08  Hydralisk x2  
  101  11:14  Hydralisk x2  
  105  11:19  Hydralisk  
  105  11:23  Zergling x6  
  105  11:24  Overlord x2  
  105  11:25  Overlord  
  110  11:30  Zerg Ground Armor Level 1  
  110  11:31  Overlord  
  110  11:42  Lurker Den  
  109  11:53  Zergling x28  
  121  12:04  Queen x2  
  121  12:07  Drone x3  
  130  12:11  Drone  
  129  12:17  Drone x4  
  129  12:19  Drone  
  134  12:25  Overlord  
  134  12:26  Overlord  
  134  12:28  Overlord  
  134  12:35  Hydralisk  
  134  12:36  Overlord  
  133  12:45  Hydralisk x2  
  133  12:46  Hydralisk x4  
  133  12:49  Hydralisk  
  141  12:51  Lurker  
  141  12:52  Lurker x2  
  129  12:59  Hydralisk  
  129  13:00  Hydralisk x2  
  129  13:05  Lurker x4  
  134  13:06  Lurker  
  123  13:13  Hydralisk x2  
  123  13:14  Hydralisk x2  
  123  13:19  Lurker  
  126  13:20  Lurker x3  
  118  13:32  Zergling x8  
  109  13:37  Zergling x2  
  87  13:56  Hydralisk x4  
Show
View Real Time Build Order
Export as new Build Order

Zest Protoss - Winner!

Build Orders: 1 Gate Expand, Oracle Opening 

Get SALT Encoding   

  12  0:00  Probe  
  13  0:12  Probe  
  14  0:19  Pylon  
  14  0:24  Probe  
  15  0:37  Probe (Chrono Boost)  
  15  0:40  Gateway  
  16  0:46  Probe (Chrono Boost)  
  16  0:49  Assimilator  
  17  0:51  Probe (Chrono Boost)  
  18  1:03  Probe  
  19  1:15  Probe  
  20  1:26  Nexus  
  20  1:36  Cybernetics Core  
  20  1:40  Probe  
  20  1:45  Assimilator  
  21  1:52  Probe  
  22  1:55  Pylon  
  22  2:04  Probe (Chrono Boost)  
  23  2:10  Adept (Chrono Boost)  
  26  2:15  Probe (Chrono Boost)  
  26  2:17  Stargate  
  26  2:20  Probe (Chrono Boost)  
  27  2:25  Warp Gate  
  27  2:32  Adept  
  27  2:34  Probe  
  30  2:39  Probe  
  31  2:46  Probe  
  32  2:51  Probe  
  32  2:52  Void Ray (Chrono Boost)  
  33  2:58  Probe  
  33  3:04  Probe  
  39  3:07  Pylon  
  39  3:10  Probe  
  40  3:16  Probe  
  41  3:22  Probe  
  41  3:27  Oracle (Chrono Boost), Gateway  
  42  3:28  Probe  
  46  3:35  Probe  
  46  3:40  Probe  
  48  3:46  Nexus  
  48  3:49  Pylon  
  48  3:52  Probe (Chrono Boost)  
  50  3:57  Assimilator  
  50  3:58  Probe (Chrono Boost)  
  50  3:59  Assimilator  
  51  4:03  Probe (Chrono Boost)  
  51  4:07  Probe (Chrono Boost)  
  51  4:08  Probe (Chrono Boost)  
  53  4:17  Probe  
  53  4:18  Probe  
  53  4:20  Pylon  
  53  4:23  Stargate  
  53  4:24  Stargate  
  55  4:29  Adept, Probe  
  55  4:31  Probe  
  58  4:33  Void Ray  
  54  4:42  Probe  
  54  4:43  Probe  
  60  4:52  Adept  
  62  4:54  Probe  
  62  4:55  Pylon, Probe  
  63  5:02  Void Ray  
  63  5:06  Probe (Chrono Boost)  
  64  5:07  Probe (Chrono Boost)  
  64  5:12  Probe (Chrono Boost)  
  70  5:16  Assimilator  
  70  5:18  Probe (Chrono Boost)  
  70  5:19  Probe (Chrono Boost)  
  70  5:20  Assimilator  
  73  5:21  Probe (Chrono Boost)  
  73  5:23  Probe (Chrono Boost)  
  73  5:24  Probe (Chrono Boost)  
  73  5:26  Probe (Chrono Boost)  
  76  5:30  Void Ray x2  
  76  5:32  Probe  
  76  5:33  Probe  
  77  5:38  Probe  
  77  5:39  Void Ray  
  77  5:40  Adept  
  77  5:42  Adept  
  84  5:46  Probe x2  
  89  5:50  Probe  
  89  5:51  Assimilator  
  89  5:53  Shield Battery  
  90  6:01  Pylon  
  90  6:03  Twilight Council, Forge  
  90  6:05  Pylon  
  90  6:12  Pylon  
  90  6:14  Probe x2  
  90  6:15  Probe  
  93  6:24  Adept x2  
  93  6:25  Void Ray x3  
  97  6:29  Charge  
  109  6:36  Protoss Ground Weapons Level 1 (Chrono Boost)  
  109  6:40  Pylon  
  109  6:44  Gateway x2  
  108  7:00  Gateway x2  
  108  7:03  Gateway  
  108  7:04  Zealot x2  
  108  7:05  Gateway  
  108  7:06  Photon Cannon  
  112  7:08  Photon Cannon  
  112  7:13  Photon Cannon  
  110  7:17  Templar Archives  
  110  7:24  Phoenix x3 (Chrono Boost)  
  116  7:35  Pylon  
  116  7:37  Robotics Facility  
  116  7:42  Phoenix x3  
  116  7:43  Protoss Air Weapons Level 1 (Chrono Boost)  
  119  7:59  Gateway x2  
  119  8:04  High Templar x2  
  123  8:08  Gateway  
  123  8:09  Gateway  
  123  8:10  Archon  
  119  8:26  Warp Prism (Chrono Boost)  
  119  8:28  High Templar x2  
  119  8:30  Zealot x2  
  119  8:33  Pylon x2, Archon  
  129  8:34  Protoss Ground Weapons Level 2 (Chrono Boost)  
  129  8:35  Pylon  
  129  8:38  Pylon  
  129  8:39  Pylon  
  129  8:41  Pylon  
  129  8:42  Pylon  
  129  8:43  Pylon  
  129  8:48  Phoenix x2 (Chrono Boost)  
  129  8:54  Sentry  
  137  8:57  Phoenix (Chrono Boost)  
  137  8:59  Observer  
  138  9:06  Phoenix  
  140  9:10  Phoenix  
  140  9:15  Zealot x3  
  140  9:16  Zealot x3  
  153  9:19  Zealot x2  
  153  9:29  Zealot x2  
  141  9:36  Zealot x4  
  121  9:38  Zealot  
  121  9:42  Zealot  
  121  9:43  Zealot  
  114  10:06  Zealot x8  
  126  10:18  Zealot x2  
  116  10:26  Zealot  
  116  10:27  Zealot x6  
  114  10:33  Zealot  
  106  10:40  High Templar x2  
  98  10:43  Psionic Storm  
  98  10:45  Archon  
  98  10:47  High Templar x7  
  99  11:05  Immortal (Chrono Boost)  
  99  11:06  Sentry x2  
  103  11:27  High Templar x2  
  107  11:40  Pylon, Warp Prism (Chrono Boost)  
  108  11:49  High Templar x2, Zealot x6  
  120  11:55  Archon  
  120  12:00  Archon  
  117  12:03  Nexus  
  117  12:13  High Templar x2, Zealot x4  
  117  12:14  Zealot x2  
  133  12:20  Shield Battery  
  133  12:21  Photon Cannon, Archon  
  133  12:23  Observer (Chrono Boost)  
  133  12:29  Zealot x2  
  138  12:37  Zealot x6  
  138  12:41  Observer (Chrono Boost)  
  149  13:04  Zealot x8  
  159  13:23  Observer (Chrono Boost)  
  159  13:24  Probe x3  
  149  13:37  Zealot x4  
  155  13:45  Zealot x2  
  155  13:46  Zealot x4  
  159  14:00  Zealot x2  
  159  14:01  Observer (Chrono Boost)  
  160  14:08  Pylon  
  160  14:09  Stalker  
  143  14:10  Stalker x4  
  143  14:15  Zealot  
  143  14:16  Zealot  
  112  14:37  Zealot  
  112  14:38  Zealot x4  
Tags
 
Add a new tag
Caveats
  • Supply blocks, unpowered buildings, or Contaminate may cause inaccurate times.
  • Supply counts are checked every 10 seconds.